AoeStats
← 风也温柔

Black Forest

511483687Analyzed
4v4 RM · 11d ago on Oct 5, 2026· 70m 1s· 8 players
Game mode
Random Map
Map size
Large (8 player)
Population
200
Speed
Normal
Resources
Standard
Victory
Conquest
Starting age
Dark Age
Ending age
Imperial Age
RankedLock teamsTeams togetherTeam positionsShared explorationLock speedFull tech treeHidden civsTurbo modeCheats
Victory
Defeat
🇹🇷 Spanish · Türkiye
1105
+28
🇨🇳 Franks · China
1059
+13
🇦🇺 Bohemians · Australia
1011
+16
🇨🇳 Chinese · China
1000
+45
vs
🇺🇸 Vikings · United States
1006
-14
🇫🇷 Romans · France
1003
-14
991
-14
🇺🇸 Persians · United States
967
-13
Léodagan
0:29 Loom
15:14 Feudal Age
19:31 Castle Age
20:59 Fletching
21:53 Padded Archer Armor
21:26 Elite Skirmisher
Sonhero1
0:42 Loom
13:50 Feudal Age
19:58 Castle Age
18:10 Horse Collar
19:39 Double-Bit Axe
21:33 Bow Saw
22:57 Heavy Plow
23:16 Stone Mining
27:41 Man-at-Arms
28:22 Squires
28:17 Arson
28:53 Gold Mining
28:40 Long Swordsman
29:34 Scale Mail Armor
29:44 Forging
35:08 Gold Shaft Mining
35:10 Iron Casting
34:50 Chain Mail Armor
37:23 Caravan
39:59 Imperial Age
39:39 Fletching
39:49 Padded Archer Armor
39:15 Pikeman
42:01 Chemistry
40:42 Treadmill Crane
41:23 Ballistics
42:17 Two-Man Saw
41:15 Bodkin Arrow
41:35 Leather Archer Armor
41:57 Conscription
41:49 Elite Skirmisher
43:17 Crop Rotation
42:57 Town Watch
43:34 Bracer
44:04 Ring Archer Armor
43:02 Heavy Scorpion
44:40 Two-Handed Swordsman
44:52 Elite Berserk
45:38 Chieftains
45:57 Champion
48:25 Blast Furnace
47:55 Plate Mail Armor
48:27 Bogsveigar
49:04 Hoardings
49:54 Crossbowman
50:27 Arbalester
51:52 Onager
52:49 Capped Ram
56:29 Scale Barding Armor
60:10 Cavalier
60:24 Elite Varangian Guard
66:21 Siege Ram
67:58 Elite Berserk
Thats How We do action in Uganda
2:49 Loom
15:26 Feudal Age
16:07 Horse Collar
19:06 Castle Age
16:57 Double-Bit Axe
17:06 Gold Mining
17:00 Fishing Lines
19:50 Heavy Plow
20:49 Bow Saw
23:07 Wheelbarrow
22:17 Town Watch
24:14 Stone Mining
24:18 Fletching
24:29 Padded Archer Armor
25:32 Hand Cart
24:54 Elite Skirmisher
25:59 Bodkin Arrow
26:20 Leather Archer Armor
27:43 Stone Shaft Mining
27:46 Gold Shaft Mining
27:46 Ballistics
28:37 Thumb Ring
32:57 Imperial Age
32:12 Murder Holes
32:28 Masonry
33:34 Fervor
33:45 Sanctity
34:01 Grand Trunk Road
34:21 Conscription
35:05 Chemistry
34:39 Ring Archer Armor
34:10 Bracer
35:45 Scale Barding Armor
35:51 Forging
35:53 Bloodlines
35:44 Husbandry
36:08 Shatagni
35:51 Heavy Camel Rider
37:33 Chain Barding Armor
38:51 Two-Man Saw
39:34 Iron Casting
40:08 Plate Barding Armor
40:07 Caravan
40:12 Imperial Camel Rider
43:38 Blast Furnace
43:12 Light Cavalry
44:09 Hussar
61:48 Block Printing
Lord Benjamin of Glencoe
7:06 Loom
8:24 Loom
11:58 Feudal Age
10:15 Loom
16:58 Castle Age
17:34 Double-Bit Axe
18:26 Wheelbarrow
19:34 Bow Saw
25:02 Hand Cart
25:18 Fishing Lines
26:31 Gold Mining
26:31 Stone Mining
26:22 Horse Collar
26:35 Fletching
26:45 Padded Archer Armor
27:20 Gillnets
27:29 Elite Skirmisher
32:48 Imperial Age
31:27 Caravan
32:14 Gold Shaft Mining
35:08 Thumb Ring
34:26 Pikeman
35:06 Squires
34:52 Gambesons
35:39 Halberdier
40:13 Conscription
43:13 Heavy Plow
46:10 Scale Mail Armor
46:21 Forging
47:21 Husbandry
47:32 Bloodlines
49:36 Chain Mail Armor
49:44 Heavy Camel Rider
51:03 Scale Barding Armor
52:25 Crossbowman
53:41 Bodkin Arrow
55:36 Two-Man Saw
60:37 Masonry
61:05 Bodkin Arrow
61:10 Padded Archer Armor
61:46 Iron Casting
62:08 Plate Mail Armor
61:58 Chain Barding Armor
62:11 Kamandaran
62:52 Heavy Scorpion
63:55 Ballistics
64:36 Chemistry
64:06 Architecture
63:53 Leather Archer Armor
65:08 Ring Archer Armor
65:38 Blast Furnace
66:37 Capped Ram
67:08 Town Watch
68:27 Plate Barding Armor
Clarkey912
0:38 Loom
16:07 Feudal Age
17:25 Double-Bit Axe
21:39 Horse Collar
25:25 Castle Age
Ken
10:47 Feudal Age
15:54 Castle Age
14:15 Double-Bit Axe
17:14 Bow Saw
20:01 Loom
23:33 Wheelbarrow
29:24 Imperial Age
27:14 Treadmill Crane
29:31 Scale Barding Armor
29:37 Forging
29:29 Gold Mining
29:30 Stone Mining
30:36 Husbandry
29:56 Cavalier
31:24 Chain Barding Armor
31:40 Iron Casting
33:04 Gold Shaft Mining
32:52 Caravan
32:23 Paladin
35:04 Conscription
35:22 Plate Barding Armor
35:48 Blast Furnace
37:05 Chivalry
39:11 Chemistry
38:07 Murder Holes
38:32 Ballistics
38:42 Ordonnance Companies
40:16 Fletching
40:26 Padded Archer Armor
40:27 Scale Mail Armor
40:14 Arson
40:38 Elite Throwing Axeman
43:13 Chain Mail Armor
46:45 Plate Mail Armor
46:10 Bodkin Arrow
46:30 Leather Archer Armor
47:35 Siege Engineers
50:28 Pikeman
51:09 Squires
54:33 Hand Cart
54:16 Halberdier
风也温柔
0:43 Loom
12:01 Feudal Age
17:02 Castle Age
15:02 Horse Collar
16:00 Double-Bit Axe
19:07 Wheelbarrow
21:07 Town Watch
30:30 Padded Archer Armor
31:25 Gold Mining
32:14 Fletching
34:35 Bow Saw
37:54 Husbandry
41:16 Heavy Plow
41:52 Leather Archer Armor
42:56 Scale Barding Armor
43:02 Forging
46:03 Imperial Age
44:45 Bloodlines
44:58 Chain Barding Armor
45:13 Iron Casting
46:26 Cavalier
47:43 Plate Barding Armor
48:57 Conscription
48:56 Light Cavalry
51:10 Hand Cart
51:16 Elite Conquistador
53:30 Ring Archer Armor
54:00 Blast Furnace
52:56 Bodkin Arrow
53:02 Scale Mail Armor
52:31 Hussar
54:11 Stone Mining
54:55 Supremacy
54:03 Elite Skirmisher
54:48 Thumb Ring
56:33 Chemistry
55:56 Ballistics
56:35 Stone Shaft Mining
56:52 Masonry
58:18 Two-Man Saw
58:07 Bombard Tower
57:55 Bracer
58:50 Paladin
65:14 Architecture
64:41 Murder Holes
64:31 Arrowslits
laecarrebac1984
Connection lost

Rejoining the realm…

Still unreachable

The connection could not be restored.

Session expired

The server has moved on; the page needs a fresh start.